A+ CENTRAL
QUAD CITIES RIVER BANDITS @ BELOIT SNAPPERS
05/01/2042
 
TOP OF THE 1ST
Quad Cities River Bandits batting - Pitching for Beloit Snappers : LHP Tony Baxter
Pitching: LHP Tony Baxter
Batting: RHB Joe Gregory 0-0: Foul Ball, location: 9LSF
0-1: Ball
1-1: DOUBLE (Line Drive, 7LD, EV 105.6 MPH)
Batting: LHB Joe Barber 0-0: Foul Ball, location: 25F
0-1: Foul Ball, location: 2F
0-2: SINGLE (Groundball, 4D, EV 101.3 MPH) (infield hit)
Joe Gregory to third
Batting: RHB Ron May 0-0: Ball
1-0: Called Strike
1-1: Ball
2-1: TRIPLE (Flyball, 78XD, EV 104.4 MPH)
Joe Gregory scores
Joe Barber scores
Batting: RHB Juan Rivera 0-0: Ball
1-0: Called Strike
1-1: Ball
2-1: Foul Ball, location: 5F
2-2: Ball
3-2: Ground out 4-3 (Groundball, 4, EV 85.0 MPH)
Batting: SHB Jim Baker 0-0: Called Strike
0-1: Ball
1-1: Ball
2-1: Ball
3-1: Base on Balls
Batting: LHB Jonathan Pearson 0-0: Ball
1-0: Ball
2-0: Fly out, F8 (Line Drive, 89D, EV 86.3 MPH)
Runner from 3rd tags up, SCORES, no throw by CF
Batting: RHB Juan Carlos Ochoa 0-0: Called Strike
0-1: 2-RUN HOME RUN (Flyball, 89XD, EV 102.5 MPH), Distance : 430 ft
Batting: RHB Dave Stone 0-0: Ball
1-0: Ball
2-0: Ball
3-0: Base on Balls
Batting: RHB Ánibal Viera 0-0: Fly out, F3 (Popup, 34S, EV 69.4 MPH)
Top of the 1st over - 5 runs, 4 hits, 0 errors, 1 left on base; Quad Cities 5 - Beloit 0
BOTTOM OF THE 1ST
Beloit Snappers batting - Pitching for Quad Cities River Bandits : LHP Garry Blowey
Pitching: LHP Garry Blowey
Batting: RHB Kevin Davis 0-0: Foul Ball, location: 3SF
0-1: Called Strike
0-2: Strikes out swinging
Batting: LHB Manny Huertas 0-0: Fly out, F7 (Flyball, 78XD, EV 98.8 MPH)
Batting: LHB Jon Bullock 0-0: Called Strike
0-1: Ball
1-1: Ball
2-1: Foul Ball, location: 2F
2-2: Foul Ball, location: 7LMFF
2-2: Ball
3-2: Foul Ball, location: 2F
3-2: Base on Balls
Batting: RHB Merlin Lucas 0-0: Fly out, F8 (Line Drive, 89M, EV 86.9 MPH)
Bottom of the 1st over - 0 runs, 0 hits, 0 errors, 1 left on base; Quad Cities 5 - Beloit 0
TOP OF THE 2ND
Quad Cities River Bandits batting - Pitching for Beloit Snappers : LHP Tony Baxter
Batting: RHB Joe Gregory 0-0: Ball
1-0: Called Strike
1-1: DOUBLE (Flyball, 78D, EV 95.6 MPH)
Batting: LHB Joe Barber 0-0: Ball
1-0: Ball
2-0: SINGLE (Line Drive, 78S, EV 86.3 MPH)
Joe Gregory to third
Batting: RHB Ron May 0-0: Ball
1-0: Called Strike
1-1: Ball
2-1: Fly out, F8 (Flyball, 8LD, EV 93.1 MPH)
Runner from 3rd tags up, OUT at HOME! 8-2
Joe Barber to second
Batting: RHB Juan Rivera 0-0: Ball
1-0: Ball
2-0: Called Strike
2-1: Ball
3-1: SINGLE (Line Drive, 89M, EV 103.8 MPH)
Joe Barber to third
Runner from 3rd tries for Home, SAFE, throw by CF to home
Juan Rivera to second
Batting: SHB Jim Baker 0-0: Called Strike
0-1: Ball
1-1: Swinging Strike
1-2: Ball
2-2: Ball
3-2: Base on Balls
Pitching: RHP Chris Johnson
Batting: LHB Jonathan Pearson 0-0: Ball
1-0: Ball
2-0: Ball
3-0: Base on Balls
Juan Rivera to third
Jim Baker to second
Batting: RHB Juan Carlos Ochoa 0-0: Called Strike
0-1: Ball
1-1: Foul Ball, location: 25F
1-2: Ball
2-2: Fly out, F8 (Flyball, 8LM, EV 95.0 MPH)
Top of the 2nd over - 1 run, 3 hits, 0 errors, 3 left on base; Quad Cities 6 - Beloit 0
BOTTOM OF THE 2ND
Beloit Snappers batting - Pitching for Quad Cities River Bandits : LHP Garry Blowey
Batting: RHB Steve Floyd 0-0: Ball
1-0: TRIPLE (Flyball, 89XD, EV 98.1 MPH)
Batting: RHB Kevin Campden 0-0: Fly out, F8 (Flyball, 8RM, EV 80.6 MPH)
Batting: LHB Bob Wilson 0-0: Called Strike
0-1: DOUBLE (Flyball, 8LXD, EV 100.6 MPH)
Steve Floyd scores
Batting: LHB César Galván 0-0: Ball
1-0: Ground out 3-1 (Groundball, 34S, EV 81.9 MPH)
Bob Wilson to third
Batting: RHB Caleb Wright 0-0: Ball
1-0: Ball
2-0: SINGLE (Groundball, 4D, EV 100.6 MPH)
Bob Wilson scores
Batting: RHB Kevin Davis 0-0: Foul Ball, location: 9LMF
0-1: Ball
1-1: Fielders Choice at 2nd, U6 (Groundball, 6M, EV 83.8 MPH)
Bottom of the 2nd over - 2 runs, 3 hits, 0 errors, 1 left on base; Quad Cities 6 - Beloit 2
TOP OF THE 3RD
Quad Cities River Bandits batting - Pitching for Beloit Snappers : RHP Chris Johnson
Batting: RHB Dave Stone 0-0: Ball
1-0: Ball
2-0: Called Strike
2-1: Foul Ball, location: 2F
2-2: Ball
3-2: SINGLE (Groundball, 56D, EV 103.1 MPH)
Batting: RHB Ánibal Viera 0-0: Called Strike
0-1: Ball
1-1: Ball
2-1: Called Strike
2-2: Ball
3-2: SINGLE (Groundball, 34D, EV 104.4 MPH)
Dave Stone to second
Runner from 2nd tries for 3rd, OUT! 9-5
Batting: RHB Joe Gregory 0-0: Called Strike
0-1: Ball
1-1: Called Strike
1-2: Fly out, F9 (Flyball, 89D, EV 97.5 MPH)
Batting: LHB Joe Barber 0-0: Ball
Ánibal Viera steals 2nd base
1-0: Ball
2-0: Ball
3-0: Called Strike
3-1: Base on Balls
Batting: RHB Ron May 0-0: Ball
1-0: Swinging Strike
1-1: Ball
2-1: Swinging Strike
2-2: Ball
3-2: Foul Ball, location: 25F
3-2: Foul Ball, location: 5F
3-2: Fly out, F8 (Flyball, 8RM, EV 91.9 MPH)
Top of the 3rd over - 0 runs, 2 hits, 0 errors, 2 left on base; Quad Cities 6 - Beloit 2
BOTTOM OF THE 3RD
Beloit Snappers batting - Pitching for Quad Cities River Bandits : LHP Garry Blowey
Batting: LHB Manny Huertas 0-0: Ball
1-0: Ball
2-0: Called Strike
2-1: Ground out 6-3 (Groundball, 6, EV 85.0 MPH)
Batting: LHB Jon Bullock 0-0: Called Strike
0-1: Ball
1-1: Called Strike
1-2: Ball
2-2: Fly out, F6 (Popup, 6, EV 77.5 MPH)
Batting: RHB Merlin Lucas 0-0: Ball
1-0: Called Strike
1-1: Ball
2-1: Ground out 3-1 (Groundball, 34, EV 88.8 MPH)
Bottom of the 3rd over - 0 runs, 0 hits, 0 errors, 0 left on base; Quad Cities 6 - Beloit 2
TOP OF THE 4TH
Quad Cities River Bandits batting - Pitching for Beloit Snappers : RHP Chris Johnson
Batting: RHB Juan Rivera 0-0: Fly out, F9 (Flyball, 9, EV 89.4 MPH)
Batting: SHB Jim Baker 0-0: Ball
1-0: Ball
2-0: Called Strike
2-1: Ball
3-1: DOUBLE (Flyball, 78XD, EV 100.0 MPH)
Batting: LHB Jonathan Pearson 0-0: Ball
1-0: Ball
2-0: Ball
3-0: Called Strike
3-1: Base on Balls
Batting: RHB Juan Carlos Ochoa 0-0: Ball
1-0: Ball
2-0: Ball
3-0: Base on Balls
Jim Baker to third
Jonathan Pearson to second
Batting: RHB Dave Stone 0-0: Swinging Strike
0-1: Called Strike
0-2: Ball
1-2: Ball
2-2: SINGLE (Flyball, 4MD, EV 91.3 MPH)
Jim Baker scores
Jonathan Pearson to third
Juan Carlos Ochoa to second
Batting: RHB Ánibal Viera 0-0: Called Strike
0-1: Foul Ball, location: 2F
0-2: Ball
1-2: Strikes out swinging
Pitching: RHP Bob Collins
Batting: RHB Joe Gregory 0-0: Foul Ball, location: 5FF
0-1: Fielders Choice at 2nd, 6-4 (Groundball, 6, EV 89.4 MPH)
Top of the 4th over - 1 run, 2 hits, 0 errors, 3 left on base; Quad Cities 7 - Beloit 2
BOTTOM OF THE 4TH
Beloit Snappers batting - Pitching for Quad Cities River Bandits : LHP Garry Blowey
Batting: RHB Steve Floyd 0-0: Called Strike
0-1: Ball
1-1: Fly out, F2 (Popup, 23F, EV 72.5 MPH)
Batting: RHB Kevin Campden 0-0: Called Strike
0-1: Hit by Pitch
Batting: LHB Bob Wilson 0-0: Ball
1-0: Ball
2-0: Called Strike
2-1: Called Strike
2-2: Strikes out swinging
Batting: LHB César Galván 0-0: Ball
1-0: Called Strike
1-1: Swinging Strike
1-2: Fly out, F9 (Line Drive, 89M, EV 96.9 MPH)
Bottom of the 4th over - 0 runs, 0 hits, 0 errors, 1 left on base; Quad Cities 7 - Beloit 2
TOP OF THE 5TH
Quad Cities River Bandits batting - Pitching for Beloit Snappers : RHP Bob Collins
Batting: LHB Joe Barber 0-0: Ball
1-0: Ball
2-0: Foul Ball, location: 2F
2-1: SOLO HOME RUN (Flyball, 9LD, EV 98.1 MPH), Distance : 351 ft
Batting: RHB Ron May 0-0: Ball
1-0: Ball
2-0: Ball
3-0: Base on Balls
Batting: RHB Juan Rivera 0-0: Called Strike
0-1: Swinging Strike
0-2: Strikes out swinging
Batting: SHB Jim Baker 0-0: Ball
1-0: Foul Ball, location: 7LDF
1-1: Called Strike
1-2: Ball
2-2: Ball
3-2: Base on Balls
Ron May to second
Batting: LHB Jonathan Pearson 0-0: Fielders Choice at 2nd, 6-4 (Groundball, 6, EV 79.4 MPH)
Ron May to third
Batting: RHB Juan Carlos Ochoa 0-0: Ball
1-0: Ball
2-0: Foul Ball, location: 7LMF
2-1: Called Strike
2-2: Foul Ball, location: 2F
2-2: Foul Ball, location: 5F
2-2: Ball
3-2: Base on Balls
Jonathan Pearson to second
Batting: RHB Dave Stone 0-0: Called Strike
0-1: Swinging Strike
0-2: Foul Ball, location: 7LDF
0-2: Foul Ball, location: 23F
0-2: Foul Ball, location: 3DF
0-2: Ball
1-2: Ball
2-2: SINGLE (Groundball, 34D, EV 94.4 MPH)
Ron May scores
Jonathan Pearson to third
Juan Carlos Ochoa to second
Runner from 3rd tries for Home, SAFE, throw by RF to home
Batting: RHB Ánibal Viera 0-0: Called Strike
0-1: Fly out, F8 (Flyball, 8LD, EV 108.1 MPH)
Top of the 5th over - 3 runs, 2 hits, 0 errors, 2 left on base; Quad Cities 10 - Beloit 2
BOTTOM OF THE 5TH
Beloit Snappers batting - Pitching for Quad Cities River Bandits : LHP Garry Blowey
Batting: RHB Caleb Wright 0-0: Called Strike
0-1: Ball
1-1: Foul Ball, location: 2LF
1-2: Ball
2-2: Ball
3-2: Fly out, F8 (Flyball, 8RS, EV 88.1 MPH)
Batting: RHB Kevin Davis 0-0: Called Strike
0-1: DOUBLE (Line Drive, 7LD, EV 103.1 MPH)
Batting: LHB Manny Huertas 0-0: Called Strike
0-1: Ball
1-1: Called Strike
Kevin Davis is caught stealing 3rd base 2-5
1-2: Strikes out looking
Bottom of the 5th over - 0 runs, 1 hit, 0 errors, 0 left on base; Quad Cities 10 - Beloit 2
TOP OF THE 6TH
Quad Cities River Bandits batting - Pitching for Beloit Snappers : RHP Bob Collins
Batting: RHB Joe Gregory 0-0: Ground out 4-3 (Groundball, 4, EV 85.0 MPH)
Batting: LHB Joe Barber 0-0: Called Strike
0-1: Ball
1-1: Swinging Strike
1-2: Ball
2-2: Foul Ball, location: 2F
2-2: Foul Ball, location: 23F
2-2: Foul Ball, location: 7LMF
2-2: SOLO HOME RUN (Flyball, 9D, EV 96.3 MPH), Distance : 368 ft
Batting: RHB Ron May 0-0: Ball
1-0: Called Strike
1-1: Ground out 5-3 (Groundball, 5, EV 88.1 MPH)
Batting: RHB Juan Rivera 0-0: Called Strike
0-1: Ball
1-1: Ball
2-1: Fly out, F8 (Line Drive, 8LM, EV 85.6 MPH)
Top of the 6th over - 1 run, 1 hit, 0 errors, 0 left on base; Quad Cities 11 - Beloit 2
BOTTOM OF THE 6TH
Beloit Snappers batting - Pitching for Quad Cities River Bandits : LHP Garry Blowey
Batting: LHB Jon Bullock 0-0: Ground out 6-3 (Groundball, 6, EV 81.9 MPH)
Batting: RHB Merlin Lucas 0-0: Foul Ball, location: 2F
0-1: Foul Ball, location: 5SF
0-2: Foul Ball, location: 9LMF
0-2: Ball
1-2: Ball
2-2: Foul Ball, location: 3SF
2-2: Ball
3-2: Strikes out swinging
Batting: RHB Steve Floyd 0-0: Ground out 6-3 (Groundball, 6, EV 107.5 MPH)
Bottom of the 6th over - 0 runs, 0 hits, 0 errors, 0 left on base; Quad Cities 11 - Beloit 2
TOP OF THE 7TH
Quad Cities River Bandits batting - Pitching for Beloit Snappers : RHP Bob Collins
Batting: SHB Jim Baker 0-0: Ball
1-0: Called Strike
1-1: Ball
2-1: Foul Ball, location: 3FF
2-2: Foul Ball, location: 2F
2-2: Fly out, F8 (Flyball, 8RM, EV 92.5 MPH)
Pitching: LHP Ethan Hale
Batting: LHB Jonathan Pearson 0-0: Ball
1-0: Swinging Strike
1-1: Ball
2-1: Called Strike
2-2: Strikes out swinging
Batting: RHB Juan Carlos Ochoa 0-0: Ball
1-0: Fly out, F3 (Popup, 23F, EV 90.6 MPH)
Top of the 7th over - 0 runs, 0 hits, 0 errors, 0 left on base; Quad Cities 11 - Beloit 2
BOTTOM OF THE 7TH
Beloit Snappers batting - Pitching for Quad Cities River Bandits : LHP Garry Blowey
Batting: RHB Kevin Campden 0-0: Called Strike
0-1: Called Strike
0-2: Strikes out swinging
Batting: LHB Bob Wilson 0-0: Ball
1-0: Ball
2-0: Called Strike
2-1: Ball
3-1: Fly out, F8 (Flyball, 8RS, EV 98.1 MPH)
Batting: LHB César Galván 0-0: Ball
1-0: Called Strike
1-1: Swinging Strike
1-2: Strikes out looking
Bottom of the 7th over - 0 runs, 0 hits, 0 errors, 0 left on base; Quad Cities 11 - Beloit 2
TOP OF THE 8TH
Quad Cities River Bandits batting - Pitching for Beloit Snappers : LHP Ethan Hale
Batting: RHB Dave Stone 0-0: Ball
1-0: Ball
2-0: Ball
3-0: Base on Balls
Batting: RHB Ánibal Viera 0-0: Ball
1-0: Ball
2-0: Called Strike
2-1: Foul Ball, location: 9LDF
2-2: Foul Ball, location: 2F
2-2: Strikes out looking
Batting: RHB Joe Gregory 0-0: Swinging Strike
0-1: Foul Ball, location: 9LMF
0-2: Strikes out looking
Batting: LHB Joe Barber 0-0: Ball
1-0: Called Strike
1-1: Ball
2-1: Ball
3-1: Swinging Strike
3-2: Strikes out swinging
Top of the 8th over - 0 runs, 0 hits, 0 errors, 1 left on base; Quad Cities 11 - Beloit 2
BOTTOM OF THE 8TH
Beloit Snappers batting - Pitching for Quad Cities River Bandits : LHP Garry Blowey
Batting: RHB Caleb Wright 0-0: SINGLE (Line Drive, 4D, EV 108.1 MPH)
Batting: RHB Kevin Davis 0-0: Called Strike
0-1: Ball
1-1: Ball
2-1: Foul Ball, location: 9LMF
2-2: Foul Ball, location: 2RF
2-2: Ball
3-2: Grounds into double play, 4-6-3 (Groundball, 4, EV 95.0 MPH)
Batting: LHB Manny Huertas 0-0: Called Strike
0-1: Called Strike
0-2: Foul Ball, location: 2F
0-2: Ball
1-2: Foul Ball, location: 25F
1-2: Ball
2-2: Fly out, F6 (Popup, 6S, EV 65.0 MPH)
Bottom of the 8th over - 0 runs, 1 hit, 0 errors, 0 left on base; Quad Cities 11 - Beloit 2
TOP OF THE 9TH
Quad Cities River Bandits batting - Pitching for Beloit Snappers : LHP Ethan Hale
Batting: RHB Ron May 0-0: Ball
1-0: Foul Ball, location: 9LSF
1-1: Called Strike
1-2: Foul Ball, location: 25F
1-2: Ball
2-2: Fly out, F7 (Flyball, 7, EV 97.5 MPH)
Batting: RHB Juan Rivera 0-0: Ball
1-0: Ball
2-0: Ball
3-0: Base on Balls
Batting: SHB Jim Baker 0-0: Ball
1-0: Foul Ball, location: 23FF
1-1: Ball
2-1: Swinging Strike
2-2: Ball
3-2: SINGLE (Groundball, 56S, EV 87.5 MPH)
Juan Rivera to second
Pinch Hitting: RHB Billy Landry 0-0: Grounds into double play, 6-4-3 (Groundball, 6, EV 80.0 MPH)
Top of the 9th over - 0 runs, 1 hit, 0 errors, 1 left on base; Quad Cities 11 - Beloit 2
BOTTOM OF THE 9TH
Beloit Snappers batting - Pitching for Quad Cities River Bandits : LHP Garry Blowey
Now at 2B: Joe Gregory
Now at SS: Jorge Moreno
Batting: LHB Jon Bullock 0-0: Called Strike
0-1: Foul Ball, location: 5FF
0-2: Ball
1-2: Strikes out swinging
Batting: RHB Merlin Lucas 0-0: Ball
1-0: Fly out, F9 (Flyball, 89M, EV 79.4 MPH)
Batting: RHB Steve Floyd 0-0: Swinging Strike
0-1: Foul Ball, location: 2F
0-2: Foul Ball, location: 5F
0-2: Foul Ball, location: 2F
0-2: Strikes out swinging
Bottom of the 9th over - 0 runs, 0 hits, 0 errors, 0 left on base; Quad Cities 11 - Beloit 2
Wednesday, May 1st , 2024 - OOTP Baseball 24.10 Build 82